| TOP OF THE 1ST |
|
Oklahoma City Dodgers batting - Pitching for Lehigh Valley IronPigs : RHP Nick Turner
|
|
Pitching: RHP Nick Turner
|
|
|
Batting: RHB Jose Ramirez
|
0-0: Ground out 5-3 (Groundball, 56S, EV 89.4 MPH)
|
|
Batting: RHB Theo Schepers
|
0-0: Ball 1-0: Ground out 1-3 (Groundball, 13S, EV 68.8 MPH)
|
|
Batting: LHB Steve Pond
|
0-0: Ball 1-0: Ground out 4-3 (Groundball, 34D, EV 83.1 MPH)
|
| Top of the 1st over - 0 runs, 0 hits, 0 errors, 0 left on base; Oklahoma City 0 - Lehigh Valley 0 |
| BOTTOM OF THE 1ST |
|
Lehigh Valley IronPigs batting - Pitching for Oklahoma City Dodgers : LHP Elijah McLeod
|
|
Pitching: LHP Elijah McLeod
|
|
|
Batting: RHB Francisco Viera
|
0-0: Called Strike 0-1: Swinging Strike 0-2: Ball 1-2: Strikes out looking
|
|
Batting: RHB Mark Schultz
|
0-0: Called Strike 0-1: Called Strike 0-2: Ball 1-2: Ground out 4-3 (Groundball, 4, EV 98.8 MPH)
|
|
Batting: RHB Jose Leon
|
0-0: Ball 1-0: Foul Ball, location: 2F 1-1: SINGLE (Line Drive, 6MD, EV 95.6 MPH)
|
|
Batting: LHB Jose Carlos
|
0-0: Ball 1-0: Ball 2-0: Fly out, F7 (Flyball, 7LD, EV 103.1 MPH)
|
| Bottom of the 1st over - 0 runs, 1 hit, 0 errors, 1 left on base; Oklahoma City 0 - Lehigh Valley 0 |
| TOP OF THE 2ND |
|
Oklahoma City Dodgers batting - Pitching for Lehigh Valley IronPigs : RHP Nick Turner
|
|
Batting: RHB Tommy Hunter
|
0-0: Called Strike 0-1: Called Strike 0-2: Ground out 6-3 (Groundball, 6, EV 83.8 MPH)
|
|
Batting: RHB Carlos Gonzalez
|
0-0: Ball 1-0: Ball 2-0: Ball 3-0: Called Strike 3-1: Called Strike 3-2: Foul Ball, location: 2F 3-2: Foul Ball, location: 2F 3-2: Fly out, F9 (Flyball, 9D, EV 86.2 MPH)
|
|
Batting: RHB Jason Baldwin
|
0-0: Swinging Strike 0-1: Called Strike 0-2: Ball 1-2: Strikes out swinging, 2-3 out at first.
|
| Top of the 2nd over - 0 runs, 0 hits, 0 errors, 0 left on base; Oklahoma City 0 - Lehigh Valley 0 |
| BOTTOM OF THE 2ND |
|
Lehigh Valley IronPigs batting - Pitching for Oklahoma City Dodgers : LHP Elijah McLeod
|
|
Batting: LHB Danny Hill
|
0-0: Ball 1-0: Foul Ball, location: 2F 1-1: Ball 2-1: Called Strike 2-2: Foul Ball, location: 2F 2-2: SOLO HOME RUN (Line Drive, 9D, EV 99.4 MPH), Distance : 388 ft
|
|
Batting: LHB Theodore Conboy
|
0-0: Called Strike 0-1: SINGLE (Line Drive, 89S, EV 101.9 MPH)
|
|
Batting: LHB Chris Moody
|
0-0: Called Strike 0-1: Foul Ball, location: 2F 0-2: Ball 1-2: DOUBLE (Groundball, 3L, EV 102.5 MPH) Theodore Conboy to third
|
|
Batting: LHB Pat Shaddock
|
0-0: Ball 1-0: Fly out, F7 (Flyball, 78S, EV 75.6 MPH)
|
|
Batting: LHB Tom Edwards
|
0-0: Called Strike 0-1: Ball 1-1: SINGLE (Groundball, 4D, EV 109.4 MPH) Theodore Conboy scores Chris Moody to third Runner from 3rd tries for Home, SAFE, throw by CF to home
|
|
Batting: RHB Francisco Viera
|
0-0: Ball 1-0: Ball 2-0: Called Strike 2-1: Called Strike 2-2: Grounds into double play, 6-4-3 (Groundball, 6, EV 78.1 MPH)
|
| Bottom of the 2nd over - 3 runs, 4 hits, 0 errors, 0 left on base; Oklahoma City 0 - Lehigh Valley 3 |
| TOP OF THE 3RD |
|
Oklahoma City Dodgers batting - Pitching for Lehigh Valley IronPigs : RHP Nick Turner
|
|
Batting: LHB Darrell Ortega
|
0-0: Swinging Strike 0-1: Ball 1-1: Swinging Strike 1-2: Strikes out swinging
|
|
Batting: LHB Ryan Murdock
|
0-0: Ball 1-0: Ball 2-0: Ball 3-0: Called Strike 3-1: Foul Ball, location: 2F 3-2: Base on Balls
|
|
Batting: RHB Kevin Ezell
|
0-0: Called Strike 0-1: Called Strike 0-2: 2-RUN HOME RUN (Flyball, 7D, EV 103.1 MPH), Distance : 399 ft
|
|
Batting: RHB Jose Ramirez
|
0-0: Foul Ball, location: 2F 0-1: Swinging Strike 0-2: Ball 1-2: Strikes out swinging
|
|
Batting: RHB Theo Schepers
|
0-0: Ball 1-0: Ball 2-0: Called Strike 2-1: SINGLE (Line Drive, 8LS, EV 112.5 MPH)
|
|
Batting: LHB Steve Pond
|
0-0: Ball Theo Schepers is caught stealing 2nd base 2-6
|
| Top of the 3rd over - 2 runs, 2 hits, 0 errors, 0 left on base; Oklahoma City 2 - Lehigh Valley 3 |
| BOTTOM OF THE 3RD |
|
Lehigh Valley IronPigs batting - Pitching for Oklahoma City Dodgers : LHP Elijah McLeod
|
|
Batting: RHB Mark Schultz
|
0-0: Ball 1-0: Ball 2-0: Ball 3-0: Called Strike 3-1: Fly out, F8 (Line Drive, 8RD, EV 111.2 MPH)
|
|
Batting: RHB Jose Leon
|
0-0: Fly out, F8 (Line Drive, 8LM, EV 97.5 MPH)
|
|
Batting: LHB Jose Carlos
|
0-0: Ground out 4-3 (Groundball, 4, EV 98.1 MPH)
|
| Bottom of the 3rd over - 0 runs, 0 hits, 0 errors, 0 left on base; Oklahoma City 2 - Lehigh Valley 3 |
| TOP OF THE 4TH |
|
Oklahoma City Dodgers batting - Pitching for Lehigh Valley IronPigs : RHP Nick Turner
|
|
Batting: LHB Steve Pond
|
0-0: Ball 1-0: Ball 2-0: Called Strike 2-1: Fly out, F5 (Line Drive, 5L, EV 69.4 MPH)
|
|
Batting: RHB Tommy Hunter
|
0-0: Called Strike 0-1: Foul Ball, location: 2F 0-2: Ball 1-2: Ball 2-2: Strikes out swinging
|
|
Batting: RHB Carlos Gonzalez
|
0-0: Ball 1-0: Called Strike 1-1: Fly out, F4 (Popup, 3DF, EV 73.8 MPH)
|
| Top of the 4th over - 0 runs, 0 hits, 0 errors, 0 left on base; Oklahoma City 2 - Lehigh Valley 3 |
| BOTTOM OF THE 4TH |
|
Lehigh Valley IronPigs batting - Pitching for Oklahoma City Dodgers : LHP Elijah McLeod
|
|
Batting: LHB Danny Hill
|
0-0: Called Strike 0-1: Ball 1-1: Swinging Strike 1-2: Strikes out swinging
|
|
Batting: LHB Theodore Conboy
|
0-0: Ball 1-0: Swinging Strike 1-1: Foul Ball, location: 2F 1-2: Fly out, F8 (Line Drive, 8RM, EV 88.8 MPH)
|
|
Batting: LHB Chris Moody
|
0-0: Called Strike 0-1: Ball 1-1: Fly out, F8 (Flyball, 78M, EV 93.1 MPH)
|
| Bottom of the 4th over - 0 runs, 0 hits, 0 errors, 0 left on base; Oklahoma City 2 - Lehigh Valley 3 |
| TOP OF THE 5TH |
|
Oklahoma City Dodgers batting - Pitching for Lehigh Valley IronPigs : RHP Nick Turner
|
|
Batting: RHB Jason Baldwin
|
0-0: Called Strike 0-1: Ball 1-1: Foul Ball, location: 2F 1-2: Ball 2-2: Ground out 6-3 (Groundball, 6, EV 86.2 MPH)
|
|
Batting: LHB Darrell Ortega
|
0-0: Ball 1-0: Fly out, F9 (Flyball, 9LM, EV 93.8 MPH)
|
|
Batting: LHB Ryan Murdock
|
0-0: Swinging Strike 0-1: Swinging Strike 0-2: Foul Ball, location: 2F 0-2: Ball 1-2: Ball 2-2: Strikes out swinging
|
| Top of the 5th over - 0 runs, 0 hits, 0 errors, 0 left on base; Oklahoma City 2 - Lehigh Valley 3 |
| BOTTOM OF THE 5TH |
|
Lehigh Valley IronPigs batting - Pitching for Oklahoma City Dodgers : LHP Elijah McLeod
|
|
Batting: LHB Pat Shaddock
|
0-0: Swinging Strike 0-1: SINGLE (Groundball, 4, EV 99.4 MPH)
|
|
Batting: LHB Tom Edwards
|
0-0: Ball 1-0: Called Strike 1-1: Foul Ball, location: 2F 1-2: Ball 2-2: DOUBLE (Line Drive, 89XD, EV 101.2 MPH) Pat Shaddock to third
|
|
Batting: RHB Francisco Viera
|
0-0: Ball 1-0: Foul Ball, location: 2F 1-1: Swinging Strike 1-2: Ground out 6-3 (Groundball, 6, EV 100.6 MPH)
|
|
Batting: RHB Mark Schultz
|
0-0: Ball 1-0: Foul Ball, location: 2F 1-1: Fly out, F8 (Flyball, 8LM, EV 95.0 MPH) Runner from 3rd tags up, SCORES, throw by CF
|
|
Batting: RHB Jose Leon
|
0-0: Ball 1-0: Foul Ball, location: 2F 1-1: Foul Ball, location: 2F 1-2: Ball 2-2: Fly out, F6 (Line Drive, 6, EV 65.6 MPH)
|
| Bottom of the 5th over - 1 run, 2 hits, 0 errors, 1 left on base; Oklahoma City 2 - Lehigh Valley 4 |
| TOP OF THE 6TH |
|
Oklahoma City Dodgers batting - Pitching for Lehigh Valley IronPigs : RHP Nick Turner
|
|
Batting: RHB Kevin Ezell
|
0-0: Called Strike 0-1: Ball 1-1: Called Strike 1-2: Foul Ball, location: 2F 1-2: Ground out 3-1 (Groundball, 34, EV 83.1 MPH)
|
|
Batting: RHB Jose Ramirez
|
0-0: Called Strike 0-1: Fly out, F7 (Flyball, 7, EV 97.5 MPH)
|
|
Batting: RHB Theo Schepers
|
0-0: Called Strike 0-1: Fly out, F8 (Flyball, 78M, EV 93.1 MPH)
|
| Top of the 6th over - 0 runs, 0 hits, 0 errors, 0 left on base; Oklahoma City 2 - Lehigh Valley 4 |
| BOTTOM OF THE 6TH |
|
Lehigh Valley IronPigs batting - Pitching for Oklahoma City Dodgers : LHP Elijah McLeod
|
|
Batting: LHB Jose Carlos
|
0-0: Ball 1-0: Ball 2-0: Ground out 6-3 (Groundball, 56, EV 81.2 MPH)
|
|
Batting: LHB Danny Hill
|
0-0: SINGLE (Flyball, 4D, EV 91.9 MPH)
|
|
Batting: LHB Theodore Conboy
|
0-0: Called Strike 0-1: DOUBLE (Groundball, 5L, EV 102.5 MPH) Danny Hill to third
|
|
Batting: LHB Chris Moody
|
0-0: Ball 1-0: Ground out 1-3 (Groundball, 13, EV 67.5 MPH)
|
|
Batting: LHB Pat Shaddock
|
0-0: Foul Ball, location: 2F 0-1: Called Strike 0-2: Ball 1-2: Ground out 6-3 (Groundball, 6, EV 106.2 MPH)
|
| Bottom of the 6th over - 0 runs, 2 hits, 0 errors, 2 left on base; Oklahoma City 2 - Lehigh Valley 4 |
| TOP OF THE 7TH |
|
Oklahoma City Dodgers batting - Pitching for Lehigh Valley IronPigs : RHP Nick Turner
|
|
Batting: LHB Steve Pond
|
0-0: Ball 1-0: Called Strike 1-1: Called Strike 1-2: Foul Ball, location: 2F 1-2: Strikes out swinging
|
|
Batting: RHB Tommy Hunter
|
0-0: Called Strike 0-1: Swinging Strike 0-2: Foul Ball, location: 2F 0-2: Strikes out looking
|
|
Batting: RHB Carlos Gonzalez
|
0-0: Fly out, F4 (Popup, 4, EV 75.6 MPH)
|
| Top of the 7th over - 0 runs, 0 hits, 0 errors, 0 left on base; Oklahoma City 2 - Lehigh Valley 4 |
| BOTTOM OF THE 7TH |
|
Lehigh Valley IronPigs batting - Pitching for Oklahoma City Dodgers : LHP Elijah McLeod
|
|
Batting: LHB Tom Edwards
|
0-0: Ball 1-0: Fly out, F8 (Flyball, 78M, EV 93.1 MPH)
|
|
Batting: RHB Francisco Viera
|
0-0: Called Strike 0-1: Ground out U3 (Groundball, 34, EV 91.9 MPH)
|
|
Batting: RHB Mark Schultz
|
0-0: Ball 1-0: Called Strike 1-1: SINGLE (Groundball, 6MD, EV 103.1 MPH)
|
|
Batting: RHB Jose Leon
|
0-0: Called Strike Mark Schultz steals 2nd base 0-1: Foul Ball, location: 2F 0-2: Ball 1-2: Ball 2-2: Foul Ball, location: 2F 2-2: Foul Ball, location: 2F 2-2: Foul Ball, location: 2F 2-2: Foul Ball, location: 2F 2-2: Ball 3-2: Base on Balls
|
|
Pitching: LHP Ramon Escobedo
|
|
|
Batting: LHB Jose Carlos
|
0-0: SINGLE (Groundball, 3D, EV 98.1 MPH) Mark Schultz to third Jose Leon to second Runner from 3rd tries for Home, throw by RF and OUT! 9-2
|
| Bottom of the 7th over - 0 runs, 2 hits, 0 errors, 2 left on base; Oklahoma City 2 - Lehigh Valley 4 |
| TOP OF THE 8TH |
|
Oklahoma City Dodgers batting - Pitching for Lehigh Valley IronPigs : RHP Nick Turner
|
|
Batting: RHB Jason Baldwin
|
0-0: Ball 1-0: Ball 2-0: Foul Ball, location: 2F 2-1: Swinging Strike 2-2: Fly out, F7 (Flyball, 7S, EV 96.2 MPH)
|
|
Batting: LHB Darrell Ortega
|
0-0: Ball 1-0: Ground out 4-3 (Groundball, 4, EV 90.0 MPH)
|
|
Batting: LHB Ryan Murdock
|
0-0: Called Strike 0-1: Foul Ball, location: 2F 0-2: Strikes out swinging
|
| Top of the 8th over - 0 runs, 0 hits, 0 errors, 0 left on base; Oklahoma City 2 - Lehigh Valley 4 |
| BOTTOM OF THE 8TH |
|
Lehigh Valley IronPigs batting - Pitching for Oklahoma City Dodgers : LHP Ramon Escobedo
|
|
Batting: LHB Danny Hill
|
0-0: Called Strike 0-1: Foul Ball, location: 2F 0-2: Ball 1-2: Ball 2-2: Ball 3-2: Foul Ball, location: 2F 3-2: Base on Balls
|
|
Batting: LHB Theodore Conboy
|
0-0: Ball 1-0: Ball 2-0: Bunted foul 2-1: Bunted foul 2-2: Ball 3-2: Base on Balls Danny Hill to second
|
|
Batting: LHB Chris Moody
|
0-0: Bunted foul 0-1: Bunted foul 0-2: Strikes out swinging
|
|
Batting: LHB Pat Shaddock
|
0-0: Fly out, F7 (Line Drive, 78M, EV 108.1 MPH)
|
|
Batting: LHB Tom Edwards
|
0-0: Ground out 4-3 (Groundball, 34, EV 93.1 MPH)
|
| Bottom of the 8th over - 0 runs, 0 hits, 0 errors, 2 left on base; Oklahoma City 2 - Lehigh Valley 4 |
| TOP OF THE 9TH |
|
Oklahoma City Dodgers batting - Pitching for Lehigh Valley IronPigs : RHP Nick Turner
|
|
Pitching: RHP Victor Hurtado
|
|
|
Batting: RHB Kevin Ezell
|
0-0: Foul Ball, location: 2F 0-1: Ball 1-1: Ball 2-1: Foul Ball, location: 2F 2-2: Ball 3-2: Strikes out looking
|
|
Pinch Hitting: LHB Tore Bosch
|
0-0: Called Strike 0-1: Ball 1-1: Fly out, F7 (Flyball, 7, EV 86.2 MPH)
|
|
Batting: RHB Theo Schepers
|
0-0: Foul Ball, location: 2F 0-1: Swinging Strike 0-2: Foul Ball, location: 2F 0-2: Ball 1-2: Foul Ball, location: 2F 1-2: Ball 2-2: Ball 3-2: Base on Balls
|
|
Batting: LHB Steve Pond
|
0-0: Ball 1-0: Ground out U3 (Groundball, 3, EV 78.1 MPH)
|
| Top of the 9th over - 0 runs, 0 hits, 0 errors, 1 left on base; Oklahoma City 2 - Lehigh Valley 4 |
|